[ PARTIDA AOE2 · #472858842 ]
UnrankedItalianos vs None
Equipo del jugador · DERR
Equipo rival · VICT
[ ANÁLISIS DE REPETICIÓN · EXTRAÍDO DE LA PARTIDA GRABADA ]
Feudal
—
Castillos
—
Imperial
—
| APM promedio | 28.1 |
| APM pico | 82 |
| eAPM promedio | 10.4 |
| Aldeanos / militares | 0 / 0 |
Foco
⚔️ 100.0% · 🌾 0.0%
Feudal
—
Castillos
—
Imperial
—
| APM promedio | 7.6 |
| APM pico | 14 |
| eAPM promedio | 3.1 |
| Aldeanos / militares | 0 / 0 |
Foco
⚔️ 100.0% · 🌾 0.0%
Feudal
—
Castillos
—
Imperial
—
| APM promedio | 51.4 |
| APM pico | 84 |
| eAPM promedio | 35.1 |
| Aldeanos / militares | 0 / 344 |
Foco
⚔️ 98.1% · 🌾 1.9%
Battle Elephant ×263 · Elephant Archer ×81
Feudal
—
Castillos
—
Imperial
—
| APM promedio | 66.8 |
| APM pico | 92 |
| eAPM promedio | 20.3 |
| Aldeanos / militares | 0 / 374 |
Foco
⚔️ 87.2% · 🌾 12.8%
Archer ×324 · Spearman ×50
Feudal
—
Castillos
—
Imperial
—
| APM promedio | 62.7 |
| APM pico | 144 |
| eAPM promedio | 54.7 |
| Aldeanos / militares | 0 / 0 |
Foco
⚔️ 98.5% · 🌾 1.5%
Feudal
—
Castillos
—
Imperial
—
| APM promedio | 39.3 |
| APM pico | 82 |
| eAPM promedio | 9.6 |
| Aldeanos / militares | 0 / 0 |
Foco
⚔️ 97.2% · 🌾 2.8%
Feudal
—
Castillos
—
Imperial
—
| APM promedio | 17.4 |
| APM pico | 39 |
| eAPM promedio | 6.1 |
| Aldeanos / militares | 0 / 0 |
Foco
⚔️ 100.0% · 🌾 0.0%
Feudal
—
Castillos
—
Imperial
—
| APM promedio | 9.2 |
| APM pico | 20 |
| eAPM promedio | 3.1 |
| Aldeanos / militares | 0 / 0 |
Foco
⚔️ 96.4% · 🌾 3.6%
Mapa de la partida
Recursos iniciales + cada clic de construcción. Líneas = muros · curvas = relieve. ◆ oro · ⬟ piedra · ● bayas · ✦ reliquia · ◌ hueco del cierre
Tu base· ✓ Separados por el mapa
Base de SUP3R13EA5T· Abierta — flanco sin cerrar
Base de Tiberius.ex· Abierta — flanco sin cerrar
Base de mob_ankit· ✓ Separados por el mapa
Base de _Shamanix_· Abierta — flanco sin cerrar
Base de Kbra· Abierta
Base de My Bad Feelings· Abierta
Base de AramPseudoGerman· Abierta
Terreno inicial suavizado · ◌ = hueco del cierre detectado · pasá el cursor para detalles
Inputs por minuto
— StarL0902 - - SUP3R13EA5T
Build order — StarL0902
22 acciones detectadas en el replay
| 4:54 | Construir | Stable |
| 4:55 | Construir | Stable |
| 4:58 | Construir | Archery Range |
| 5:00 | Construir | Archery Range |
| 5:10 | Construir | Archery Range |
| 5:13 | Construir | Archery Range |
| 5:15 | Construir | Archery Range |
| 5:17 | Construir | Archery Range |
| 5:19 | Construir | Archery Range |
| 5:29 | Construir | Archery Range |
| 5:33 | Construir | Archery Range |
| 5:36 | Construir | Archery Range |
| 5:37 | Construir | Archery Range |
| 5:39 | Construir | Archery Range |
| 6:32 | Investigar | Bloodlines |
| 11:01 | Construir | Stone Wall |
| 14:41 | Construir | Stable |
| 14:43 | Construir | Stable |
| 14:45 | Construir | Stable |
| 14:46 | Construir | Stable |
| 16:05 | Construir | Stone Wall |
| 17:08 | Construir | Stone Wall |
Build order — SUP3R13EA5T
8 acciones detectadas en el replay
| 7:00 | Construir | Stable |
| 7:03 | Construir | Stable |
| 8:37 | Construir | Archery Range |
| 8:39 | Construir | Archery Range |
| 8:49 | Construir | Barracks |
| 8:52 | Construir | Barracks |
| 10:44 | Construir | Stable |
| 10:52 | Construir | Stable |
Build order — Tiberius.ex
135 acciones detectadas en el replay
| 4:23 | Construir | Stone Wall |
| 4:23 | Construir | Stone Wall |
| 4:24 | Construir | Stone Wall |
| 4:25 | Construir | Stone Wall |
| 4:26 | Construir | Stone Wall |
| 4:28 | Construir | Stone Wall |
| 4:30 | Construir | Stone Wall |
| 4:31 | Construir | Stone Wall |
| 4:32 | Construir | Stone Wall |
| 8:46 | Construir | Archery Range |
| 8:47 | Construir | Archery Range |
| 8:48 | Construir | Archery Range |
| 8:50 | Construir | Archery Range |
| 8:53 | Construir | Archery Range |
| 8:54 | Construir | Archery Range |
| 9:57 | Construir | Archery Range |
| 9:59 | Construir | Archery Range |
| 10:04 | Construir | Stable |
| 10:05 | Construir | Stable |
| 10:07 | Construir | Stable |
| 10:08 | Construir | Stable |
| 10:09 | Construir | Stable |
| 10:49 | Investigar | Chain Barding Armor |
| 10:49 | Investigar | Iron Casting |
| 10:49 | Investigar | Chain Mail Armor |
| 10:49 | Investigar | Bodkin Arrow |
| 10:49 | Investigar | Leather Archer Armor |
| 10:51 | Investigar | Ballistics |
| 10:51 | Investigar | Guard Tower (upgrade) |
| 10:52 | Investigar | Guard Tower (upgrade) |
| 10:52 | Investigar | Careening |
| 10:52 | Investigar | Tech 908 |
| 10:52 | Investigar | Tech 909 |
| 10:54 | Investigar | Crossbowman (upgrade) |
| 10:55 | Investigar | Elite Skirmisher (upgrade) |
| 10:55 | Investigar | Thumb Ring |
| 10:56 | Investigar | Medical Corps |
| 12:09 | Construir | Stable |
| 12:10 | Construir | Stable |
| 12:11 | Construir | Stable |
| 12:13 | Construir | Stable |
| 12:15 | Construir | Stable |
| 12:16 | Construir | Stable |
| 12:17 | Construir | Stable |
| 12:21 | Investigar | Husbandry |
| 12:24 | Crear | Battle Elephant ×5 |
| 12:25 | Crear | Battle Elephant ×5 |
| 12:25 | Crear | Battle Elephant ×5 |
| 12:25 | Crear | Battle Elephant ×5 |
| 12:26 | Crear | Battle Elephant ×5 |
| 12:33 | Construir | Stable |
| 12:35 | Crear | Battle Elephant ×5 |
| 12:35 | Crear | Battle Elephant ×5 |
| 12:36 | Crear | Battle Elephant ×5 |
| 12:37 | Crear | Elephant Archer ×5 |
| 12:38 | Crear | Elephant Archer ×5 |
| 12:38 | Crear | Elephant Archer ×5 |
| 12:38 | Crear | Elephant Archer ×5 |
| 13:05 | Crear | Battle Elephant ×5 |
| 13:05 | Crear | Battle Elephant ×5 |
| 13:05 | Crear | Battle Elephant ×5 |
| 13:06 | Crear | Battle Elephant ×5 |
| 13:06 | Crear | Battle Elephant ×5 |
| 13:38 | Crear | Battle Elephant ×5 |
| 13:38 | Crear | Battle Elephant ×5 |
| 13:39 | Crear | Battle Elephant ×5 |
| 13:39 | Crear | Battle Elephant ×5 |
| 13:39 | Crear | Battle Elephant ×5 |
| 13:40 | Crear | Battle Elephant ×5 |
| 14:26 | Crear | Battle Elephant ×5 |
| 14:27 | Crear | Battle Elephant ×5 |
| 14:27 | Crear | Battle Elephant ×5 |
| 14:28 | Crear | Battle Elephant ×5 |
| 14:28 | Crear | Battle Elephant ×5 |
| 14:28 | Crear | Battle Elephant ×5 |
| 14:50 | Crear | Elephant Archer ×5 |
| 14:50 | Crear | Elephant Archer ×5 |
| 14:50 | Crear | Elephant Archer ×5 |
| 14:51 | Crear | Elephant Archer ×5 |
| 14:51 | Crear | Elephant Archer ×5 |
| 14:54 | Crear | Battle Elephant ×3 |
| 14:54 | Crear | Battle Elephant ×5 |
| 14:55 | Crear | Battle Elephant ×5 |
| 14:55 | Crear | Battle Elephant ×5 |
| 14:55 | Crear | Battle Elephant ×5 |
| 14:56 | Crear | Battle Elephant ×5 |
| 14:56 | Crear | Battle Elephant ×5 |
| 15:02 | Construir | Stable |
| 15:03 | Construir | Stable |
| 15:04 | Construir | Stable |
| 15:06 | Construir | Stable |
| 15:08 | Construir | Stable |
| 15:09 | Construir | Stable |
| 15:12 | Construir | Stable |
| 15:15 | Construir | Stable |
| 15:17 | Construir | Stable |
| 15:18 | Construir | Stable |
| 15:19 | Crear | Battle Elephant ×5 |
| 15:19 | Crear | Battle Elephant ×5 |
| 15:20 | Crear | Battle Elephant ×5 |
| 15:20 | Crear | Battle Elephant ×5 |
| 15:20 | Crear | Battle Elephant ×5 |
| 15:26 | Crear | Elephant Archer ×5 |
| 15:26 | Crear | Elephant Archer ×5 |
| 15:26 | Crear | Elephant Archer ×5 |
| 15:27 | Crear | Elephant Archer |
| 15:37 | Crear | Elephant Archer ×5 |
| 15:38 | Crear | Elephant Archer ×5 |
| 15:38 | Crear | Elephant Archer ×5 |
| 15:38 | Crear | Elephant Archer ×5 |
| 15:59 | Construir | Archery Range |
| 16:01 | Construir | Archery Range |
| 16:02 | Construir | Archery Range |
| 16:06 | Construir | Archery Range |
| 16:09 | Construir | Archery Range |
| 16:11 | Construir | Archery Range |
| 16:37 | Crear | Battle Elephant ×5 |
| 16:37 | Crear | Battle Elephant ×5 |
| 16:38 | Crear | Battle Elephant ×5 |
| 16:38 | Crear | Battle Elephant ×5 |
| 16:38 | Crear | Battle Elephant ×5 |
| 16:39 | Crear | Battle Elephant ×5 |
| 16:40 | Investigar | Light Cavalry (upgrade) |
| 17:20 | Crear | Battle Elephant ×5 |
| 17:20 | Crear | Battle Elephant ×5 |
| 17:21 | Crear | Battle Elephant ×5 |
| 17:21 | Crear | Battle Elephant ×5 |
| 17:21 | Crear | Battle Elephant ×5 |
| 17:22 | Crear | Battle Elephant ×5 |
| 18:04 | Crear | Battle Elephant ×5 |
| 18:05 | Crear | Battle Elephant ×5 |
| 18:05 | Crear | Battle Elephant ×5 |
| 18:05 | Crear | Battle Elephant ×5 |
| 20:19 | Investigar | Elite Elephant Archer (upgrade) |
| 20:20 | Investigar | Arbalester (upgrade) |
Build order — mob_ankit
125 acciones detectadas en el replay
| 3:31 | Construir | Archery Range |
| 3:32 | Construir | Archery Range |
| 3:41 | Construir | Stone Wall |
| 5:01 | Construir | Gate |
| 5:20 | Construir | Stone Wall |
| 5:28 | Construir | Gate |
| 7:36 | Construir | Archery Range |
| 7:37 | Construir | Archery Range |
| 9:32 | Construir | Archery Range |
| 9:33 | Construir | Archery Range |
| 9:35 | Construir | Archery Range |
| 10:49 | Construir | Archery Range |
| 11:30 | Construir | Stone Wall |
| 11:51 | Construir | Gate |
| 12:55 | Construir | Archery Range |
| 13:02 | Investigar | Bodkin Arrow |
| 13:03 | Investigar | Leather Archer Armor |
| 13:03 | Investigar | Leather Archer Armor |
| 13:06 | Investigar | Crossbowman (upgrade) |
| 13:06 | Investigar | Crossbowman (upgrade) |
| 13:09 | Crear | Archer ×5 |
| 13:11 | Investigar | Ballistics |
| 13:12 | Investigar | Treadmill Crane |
| 13:12 | Investigar | Guard Tower (upgrade) |
| 13:13 | Investigar | Tech 909 |
| 13:13 | Investigar | Tech 908 |
| 13:17 | Investigar | Chain Barding Armor |
| 13:18 | Investigar | Chain Mail Armor |
| 13:18 | Investigar | Iron Casting |
| 13:18 | Investigar | Iron Casting |
| 13:23 | Crear | Archer ×5 |
| 13:23 | Crear | Archer ×5 |
| 13:31 | Crear | Archer ×5 |
| 13:34 | Construir | Archery Range |
| 13:36 | Construir | Archery Range |
| 13:37 | Construir | Archery Range |
| 13:38 | Construir | Archery Range |
| 13:46 | Crear | Archer ×5 |
| 13:47 | Crear | Archer ×5 |
| 13:47 | Crear | Archer ×5 |
| 13:48 | Crear | Archer ×5 |
| 13:48 | Crear | Archer ×5 |
| 13:48 | Crear | Archer ×5 |
| 14:04 | Crear | Archer ×5 |
| 14:04 | Crear | Archer ×5 |
| 14:04 | Crear | Archer ×5 |
| 14:09 | Crear | Archer ×5 |
| 14:10 | Crear | Archer ×5 |
| 14:10 | Crear | Archer ×5 |
| 14:10 | Crear | Archer ×5 |
| 14:11 | Crear | Archer ×5 |
| 14:11 | Crear | Archer ×5 |
| 14:22 | Crear | Archer ×5 |
| 14:22 | Crear | Archer ×5 |
| 14:23 | Crear | Archer ×5 |
| 14:43 | Crear | Archer ×5 |
| 14:44 | Crear | Archer ×5 |
| 14:44 | Crear | Archer ×5 |
| 14:48 | Crear | Archer ×5 |
| 14:48 | Crear | Archer ×5 |
| 14:49 | Crear | Archer ×5 |
| 14:49 | Crear | Archer ×5 |
| 15:03 | Crear | Archer ×5 |
| 15:04 | Crear | Archer ×5 |
| 15:04 | Crear | Archer ×5 |
| 15:04 | Crear | Archer ×5 |
| 15:05 | Crear | Archer |
| 15:21 | Crear | Archer ×5 |
| 15:21 | Crear | Archer ×5 |
| 15:22 | Crear | Archer ×3 |
| 15:46 | Crear | Archer ×5 |
| 15:46 | Crear | Archer ×5 |
| 15:46 | Crear | Archer ×5 |
| 15:50 | Crear | Archer ×5 |
| 15:56 | Crear | Archer ×5 |
| 15:56 | Crear | Archer ×5 |
| 16:05 | Crear | Archer ×2 |
| 16:06 | Crear | Archer ×2 |
| 16:11 | Crear | Archer ×4 |
| 16:11 | Crear | Archer ×5 |
| 16:11 | Crear | Archer |
| 16:19 | Crear | Archer ×5 |
| 16:20 | Crear | Archer ×5 |
| 16:20 | Crear | Archer ×5 |
| 16:20 | Crear | Archer ×5 |
| 16:21 | Crear | Archer |
| 16:27 | Construir | Barracks |
| 16:30 | Construir | Barracks |
| 16:30 | Construir | Barracks |
| 16:57 | Crear | Archer ×5 |
| 16:57 | Crear | Archer ×5 |
| 16:58 | Crear | Archer ×5 |
| 17:02 | Crear | Archer ×5 |
| 17:18 | Crear | Archer ×5 |
| 17:18 | Crear | Archer ×5 |
| 17:32 | Construir | Barracks |
| 17:40 | Construir | Barracks |
| 17:40 | Construir | Barracks |
| 18:39 | Investigar | Pikeman (upgrade) |
| 18:40 | Investigar | Squires |
| 18:40 | Investigar | Squires |
| 18:40 | Crear | Spearman ×5 |
| 18:41 | Crear | Spearman ×5 |
| 18:46 | Crear | Archer ×5 |
| 18:57 | Crear | Archer ×5 |
| 18:58 | Crear | Archer ×5 |
| 19:10 | Crear | Archer ×5 |
| 19:17 | Construir | Barracks |
| 19:18 | Construir | Barracks |
| 19:24 | Crear | Archer ×5 |
| 19:24 | Crear | Archer ×5 |
| 19:24 | Crear | Archer ×5 |
| 19:35 | Crear | Spearman ×5 |
| 19:35 | Crear | Spearman ×5 |
| 19:35 | Crear | Spearman ×5 |
| 19:36 | Crear | Archer ×5 |
| 20:09 | Construir | Barracks |
| 20:09 | Construir | Barracks |
| 20:13 | Crear | Spearman ×5 |
| 20:13 | Crear | Spearman ×5 |
| 20:13 | Crear | Spearman ×5 |
| 20:14 | Crear | Spearman ×5 |
| 20:14 | Crear | Spearman ×5 |
| 20:15 | Crear | Archer ×5 |
| 20:16 | Crear | Archer ×5 |
Build order — _Shamanix_
40 acciones detectadas en el replay
| 8:38 | Construir | Stable |
| 9:33 | Investigar | Bloodlines |
| 9:38 | Construir | Stable |
| 10:06 | Construir | Gate |
| 10:26 | Construir | Stone Wall |
| 13:45 | Construir | Stone Wall |
| 14:22 | Construir | Stable |
| 14:24 | Construir | Stable |
| 15:15 | Construir | Gate |
| 15:35 | Construir | Stable |
| 15:40 | Construir | Archery Range |
| 15:42 | Construir | Barracks |
| 15:44 | Construir | Archery Range |
| 16:22 | Construir | Barracks |
| 16:24 | Construir | Barracks |
| 16:26 | Construir | Barracks |
| 16:35 | Construir | Stable |
| 16:37 | Construir | Stable |
| 16:38 | Construir | Stable |
| 16:39 | Construir | Stable |
| 16:41 | Construir | Stable |
| 17:02 | Construir | Barracks |
| 17:12 | Construir | Barracks |
| 17:14 | Construir | Barracks |
| 17:15 | Construir | Barracks |
| 17:16 | Construir | Barracks |
| 17:19 | Construir | Barracks |
| 17:21 | Construir | Barracks |
| 17:22 | Construir | Barracks |
| 17:24 | Construir | Barracks |
| 17:26 | Construir | Barracks |
| 17:27 | Construir | Barracks |
| 19:57 | Construir | Stable |
| 20:02 | Construir | Stable |
| 20:08 | Construir | Barracks |
| 20:10 | Construir | Barracks |
| 20:11 | Construir | Watch Tower |
| 20:15 | Construir | Barracks |
| 20:17 | Construir | Barracks |
| 20:20 | Construir | Barracks |
Build order — Kbra
3 acciones detectadas en el replay
| 18:40 | Investigar | Chain Barding Armor |
| 18:41 | Investigar | Iron Casting |
| 18:44 | Investigar | Ballistics |
Build order — My Bad Feelings
8 acciones detectadas en el replay
| 16:08 | Construir | Stone Wall |
| 18:18 | Construir | Gate |
| 18:31 | Construir | Stable |
| 18:34 | Construir | Stable |
| 18:36 | Construir | Stable |
| 18:38 | Construir | Stable |
| 18:40 | Construir | Stable |
| 19:33 | Investigar | Bloodlines |
Build order — AramPseudoGerman
28 acciones detectadas en el replay
| 6:11 | Construir | Stone Wall |
| 10:40 | Construir | Stable |
| 10:41 | Construir | Stable |
| 10:43 | Construir | Stable |
| 10:59 | Construir | Stable |
| 11:01 | Construir | Stable |
| 12:06 | Investigar | Bloodlines |
| 13:52 | Construir | Stable |
| 13:54 | Construir | Stable |
| 13:56 | Construir | Stable |
| 13:58 | Construir | Stable |
| 15:46 | Construir | Stone Wall |
| 17:33 | Investigar | Husbandry |
| 17:52 | Investigar | Leather Archer Armor |
| 17:52 | Investigar | Bodkin Arrow |
| 17:53 | Investigar | Chain Mail Armor |
| 17:56 | Investigar | Chain Barding Armor |
| 17:58 | Investigar | Ballistics |
| 17:59 | Investigar | Treadmill Crane |
| 17:59 | Investigar | Guard Tower (upgrade) |
| 18:01 | Investigar | Tech 908 |
| 18:01 | Investigar | Careening |
| 18:05 | Investigar | Tigui |
| 18:09 | Investigar | Light Cavalry (upgrade) |
| 18:49 | Construir | Stable |
| 18:51 | Construir | Stable |
| 18:54 | Construir | Stable |
| 18:55 | Construir | Stable |
Cronología de la partida
| 3:31 | mob_ankit · first_building Archery Range |
| 3:41 | mob_ankit · wall_segment Stone Wall x11 |
| 4:23 | Tiberius.ex · wall_segment Stone Wall x1 |
| 4:23 | Tiberius.ex · wall_segment Stone Wall x1 |
| 4:24 | Tiberius.ex · wall_segment Stone Wall x1 |
| 4:25 | Tiberius.ex · wall_segment Stone Wall x1 |
| 4:26 | Tiberius.ex · wall_segment Stone Wall x1 |
| 4:28 | Tiberius.ex · wall_segment Stone Wall x2 |
| 4:30 | Tiberius.ex · wall_segment Stone Wall x1 |
| 4:31 | Tiberius.ex · wall_segment Stone Wall x1 |
| 4:32 | Tiberius.ex · wall_segment Stone Wall x1 |
| 4:54 | StarL0902 · first_building Stable |
| 4:58 | StarL0902 · first_building Archery Range |
| 5:20 | mob_ankit · wall_segment Stone Wall x13 |
| 6:11 | AramPseudoGerman · wall_segment Stone Wall x15 |
| 7:00 | SUP3R13EA5T · first_building Stable |
| 8:37 | SUP3R13EA5T · first_building Archery Range |
| 8:38 | _Shamanix_ · first_building Stable |
| 8:46 | Tiberius.ex · first_building Archery Range |
| 8:49 | SUP3R13EA5T · first_building Barracks |
| 10:04 | Tiberius.ex · first_building Stable |
| 10:26 | _Shamanix_ · wall_segment Stone Wall x1 |
| 10:40 | AramPseudoGerman · first_building Stable |
| 11:01 | StarL0902 · wall_segment Stone Wall x15 |
| 11:30 | mob_ankit · wall_segment Stone Wall x4 |
| 13:45 | _Shamanix_ · wall_segment Stone Wall x12 |
| 15:40 | _Shamanix_ · first_building Archery Range |
| 15:42 | _Shamanix_ · first_building Barracks |
| 15:46 | AramPseudoGerman · wall_segment Stone Wall x12 |
| 16:05 | StarL0902 · wall_segment Stone Wall x13 |
| 16:08 | My Bad Feelings · wall_segment Stone Wall x14 |
| 16:27 | mob_ankit · first_building Barracks |
| 17:08 | StarL0902 · wall_segment Stone Wall x14 |
| 18:31 | My Bad Feelings · first_building Stable |
| 20:02 | My Bad Feelings · resign |
[ ANÁLISIS IA · 1 CRÉDITO ]
¿Qué pasó realmente en esta partida?
Wolo.gg analiza cada decisión: build order, eco, micro, errores típicos por bracket. Análisis personalizado por WhatsApp o Discord en 30 segundos.
Guía civ
Italianos
Perfil
Jugador #9752138